 Dungeon Crawl Stone Soup version 0.30.1-9-gdf580d7c3d (webtiles) character file.

Game seed: 14182381051864221795

54 Ivernyr the Shield-Bearer (level 4, 37/37 HPs)
             Began as a Formicid Fighter on Sept 30, 2023.
             Got out of the dungeon alive.
             The game lasted 00:03:13 (1394 turns).

Ivernyr the Shield-Bearer (Formicid Fighter)        Turns: 1394, Time: 00:03:13

Health: 37/37      AC:  8    Str: 22    XL:     4   Next: 12%
Magic:  4/4        EV:  9    Int:  8    God:
Gold:   130        SH:  5    Dex: 13    Spells: 3/3 levels left

rFire   . . .        a - +0 flail
rCold   . . .        c - +0 buckler
rNeg    . . .        b - +0 scale mail
rPois   .            (helmet unavailable)
rElec   .            (no cloak)
rCorr   .            (no gloves)
SInv    +            j - +0 pair of boots
Will    .....        (no amulet) Stlth
                     (no ring)
HPRegen 0.26/turn    (no ring)
MPRegen 0.09/turn

%: no passive effects
@: no status effects
A: permanent stasis, dig shafts and tunnels, antennae 3, four strong arms
a: Dig, Shaft Self


You escaped.
You visited 1 branch of the dungeon, and saw 2 of its levels.

You collected 130 gold pieces.

Inventory:

Hand Weapons
 a - a +0 flail (weapon)
Armour
 b - a +0 scale mail (worn)
 c - a +0 buckler (worn)
 j - a +0 pair of boots (worn)
Scrolls
 e - a scroll of teleportation {unknown}
 f - a scroll of noise {unknown}
 k - a scroll of immolation {unknown}
 l - a scroll of torment {unknown}
 m - a scroll of amnesia {unknown}
 n - 2 scrolls of identify {unknown}
Potions
 d - a potion of might
 g - 2 potions of mutation {unknown}
 h - 2 potions of lignification {unknown}
 i - 2 potions of degeneration {unknown}
 o - a potion of flight {unknown}


   Skills:
 + Level 4.0 Fighting
 + Level 2.8 Maces & Flails
 + Level 4.0 Armour
 - Level 4.0 Shields


You had 3 spell levels left.
You didn't know any spells.
Your spell library contained the following spells:

 Spells                   Type           Power      Damage    Failure   Level
 Magic Dart               Conj           0%         1d3       80%         1
 Lesser Beckoning         Tloc           0%         N/A       90%         2
 Searing Ray              Conj           0%         2d4       90%         2
 Gell's Gravitas          Tloc           0%         N/A       99%         3
 Teleport Other           Tloc           0%         N/A       99%         3
 Fulminant Prism          Conj/Hex       0%         3d5       100%        4


Dungeon Overview and Level Annotations

Branches:
Dungeon (2/15)

Altars:

Annotations:
D:1 2 transporters


Innate Abilities, Weirdness & Mutations

You cannot be hasted, slowed, berserked, paralysed or teleported.
You can dig through walls and to a lower floor.
You have a pair of large antennae on your head. (SInv)
Your four strong arms can wield two-handed weapons with a shield.


Message History

You are poisoned.
The adder poisons you!
You miss the adder.
The adder is almost dead.
You feel very sick. The adder barely misses you.
You hit the adder but do no damage.
The adder is almost dead.
You feel sick. The adder bites you but does no damage.
You block the adder's attack.
You hit the adder.
You kill the adder!
You feel sick.
Your Fighting skill increases to level 4!
Your Armour skill increases to level 4!
You have reached level 4!
You feel clever.
You feel sick.
(D) Dungeon
Where to? (Enter - D:2, ? - help)
What level of the Dungeon? (default 1, ? - help)
You feel sick.
You feel sick.
You are no longer poisoned.
There is an open door here.
You see here a +0 dagger.
You see here a bat corpse.
There is an open door here.
There is an open door here.
There is an open door here.
There is a stone staircase leading up here.
You climb upwards.
Level annotation: 2 transporters
There is a stone staircase leading down here.
You see here a +0 whip.
You enter the shallow water.
Moving in this stuff is going to be slow.
There is a staircase leading out of the dungeon here.
Are you sure you want to leave the Dungeon?
This will make you lose the game!
You have escaped!

##.##.# #.# #.)...# #.#
##..#### #.#
....################# #.#
#...........~≈≈≈≈≈≈~#### #†#
...........~≈≈≈≈~≈≈≈≈≈≈###.###
#..#.######~≈≈≈~.~~≈≈≈≈~≈~...#
...#.# #~≈.~.©.~≈≈≈≈≈≈≈≈#.#
.....# ##≈.≈..@♣~≈≈≈≈≈≈≈≈~.#
#..### #..≈≈~.©.~≈≈≈~~≈≈≈≈.#
#..#######.~≈≈≈~.~≈≈≈~.~≈≈≈~.#
#......##..≈≈≈≈≈~~≈≈~.©.~≈≈..#
##.###.#...≈≈≈≈≈≈≈≈≈~♣>..≈.≈##
##.# #.#.###~≈≈≈≈≈≈≈~.©.~.≈≈#
...# #.#.# ##~≈≈≈≈≈≈≈~.~≈≈≈~#
#..# #.#.# ####~≈≈≈≈~~~≈≈≈≈#
#.## #.#.# #.##~≈≈≈≈≈≈~##


There were no monsters in sight!

Vanquished Creatures
  An adder (D:2)
  A worm (D:2)
  2 dart slugs
  An endoplasm (D:1)
  2 giant cockroaches (D:1)
  7 goblins
  4 hobgoblins
  2 jackals (D:1)
  A quokka (D:2)
  A ball python (D:2)
  5 bats
  A frilled lizard (D:1)
  6 kobolds
  5 rats
39 creatures vanquished.

Notes
Turn   | Place    | Note
-------+----------+-------------------------------------------
     0 | D:1      | Ivernyr the Formicid Fighter began the quest for the Orb.
     0 | D:1      | Reached XP level 1. HP: 18/18 MP: 1/1
    90 | D:1      | Found a faded altar of an unknown god.
   266 | D:1      | Reached XP level 2. HP: 24/24 MP: 2/2
   490 | D:1      | Reached XP level 3. HP: 30/30 MP: 3/3
  1291 | D:2      | Reached XP level 4. HP: 30/37 MP: 4/4
  1394 | D:$      | Got out of the dungeon alive.

Illustrated notes

Levels and vault maps discovered:
D:1:      spicycebolla_arrival_transporter_tutorial, layout_loops_ring,
          nicolae_ecumenical_lake_church
D:2:      layout_basic

Skill      XL: |  1  2  3 |
---------------+----------+-----
Fighting       | 4 |  4.0
Armour         | 4 |  4.0
Maces & Flails | |  2.8
Shields        | |  4.0

Action                     |  1- 3 |  4- 6 || total
---------------------------+-------+-------++-------
  Melee: Flail             |   104 |       ||   104
 Armour: Scale mail        |    59 |       ||    59
  Dodge: Dodged            |    57 |       ||    57
  Block: Buckler           |    42 |       ||    42
